 Dungeon Crawl Stone Soup version 0.30.1-9-gdf580d7c3d (webtiles) character file.

Game seed: 11717820897816624782

4 dolphinEJ the Grasshopper (level 1, 0/17 HPs)
             Began as a Ghoul Warper on Oct 14, 2023.
             Slain by a kobold
             ... wielding a +1 short sword of protection
              (1 damage)
             ... on level 1 of the Dungeon.
             The game lasted 00:03:20 (79 turns).

dolphinEJ the Grasshopper (Ghoul Warper)              Turns: 79, Time: 00:03:20

Health: 0/17       AC:  3    Str: 14    XL:     1   Next: 60%
Magic:  2/2        EV: 11    Int:  8    God:
Gold:   0          SH:  0    Dex:  8    Spells: 3/3 levels left

rFire   . . .        e - +0 club
rCold   + . .        (no shield)
rNeg    + + +        b - +0 leather armour
rPois   ∞            (no helmet)
rElec   .            (no cloak)
rCorr   .            (no gloves)
SInv    .            (no boots)
Will    .....        (no amulet)
Stlth   +            (no ring)
HPRegen 0.00/turn    (no ring)
MPRegen 0.08/turn

%: no passive effects
@: inhibited regen
A: claws 1, cold resistance 1, negative energy resistance 3, inhibited
regeneration, torment resistance 2, devour on kill
a: no special abilities


You were on level 1 of the Dungeon.
You visited 1 branch of the dungeon, and saw 1 of its levels.

Inventory:

Hand Weapons
 a - a +0 spear
 e - a +0 club (weapon)
Missiles
 d - 5 boomerangs of dispersal (quivered)
Armour
 b - a +0 leather armour (worn)
Scrolls
 c - a scroll of blinking
 f - a scroll of identify {unknown}


   Skills:
 + Level 2.2 Fighting
 + Level 1.7 Polearms
 + Level 0.8 Throwing
 + Level 0.8 Armour
 + Level 1.7 Dodging
 + Level 1.7 Spellcasting
 + Level 2.9 Translocations


You had 3 spell levels left.
You didn't know any spells.
Your spell library contained the following spells:

 Spells                   Type           Power      Damage    Failure   Level
 Blink                    Tloc           10%        N/A       21%         2
 Lesser Beckoning         Tloc           10%        N/A       21%         2
 Teleport Other           Tloc           5%         N/A       38%         3
 Vhi's Electric Charge    Tloc/Air       6%         N/A       58%         3
 Manifold Assault         Tloc           5%         N/A       80%         4


Dungeon Overview and Level Annotations

Branches:
Dungeon (1/15)

Altars:


Innate Abilities, Weirdness & Mutations

You are immune to poison.
You have sharp fingernails.
Your flesh is cold resistant. (rC+)
You are immune to negative energy. (rN+++)
You do not regenerate when monsters are visible.
You are immune to unholy pain and torment.
You thrive by killing the living.


Message History

A kobold comes into view.
It is wielding a +1 short sword of protection.
The kobold shouts!
The kobold moves out of view.
There is a stone staircase leading down here.
The kobold throws a stone.
The stone barely misses you.
You open the door.
Found a club.
The kobold attacks as you move away! The kobold hits you but does no damage.
A giant cockroach comes into view.
The kobold throws a stone.
The stone hits you but does no damage.
There is an open door here.
Found a scroll labelled ACUEQACEOH, an inky potion and 6 stones.
The kobold throws a stone.
The stone closely misses you.
The kobold throws a stone.
The stone hits you.
You see here an inky potion.
Okay, then.
Throw: 6 boomerangs (disperse)
Press: ? - help, Q - select action Shift-Dir - straight line, f - kobold
Aim: a kobold, wielding a +1 short sword of protection and quivering stones (45% to hit)
You throw a boomerang of dispersal.
The boomerang of dispersal hits the kobold and shatters, but does no damage.
The kobold hits you with a +1 short sword of protection.
* * * LOW HITPOINT WARNING * * *
You barely miss the kobold. The kobold hits you but does no damage.
You miss the kobold. The kobold closely misses you.
The giant cockroach barely misses you.
You hit the giant cockroach.
The giant cockroach is heavily wounded.
The giant cockroach bites you but does no damage.
The kobold barely misses you. The giant cockroach barely misses you.
The kobold hits you with a +1 short sword of protection.
* * * LOW HITPOINT WARNING * * *
You hit the giant cockroach.
The giant cockroach is severely wounded.
The giant cockroach closely misses you. The kobold hits you but does no damage.
You hit the giant cockroach but do no damage.
The giant cockroach is severely wounded.
The giant cockroach barely misses you.
The kobold hits you with a +1 short sword of protection.
You die...

########## #......... #
#......... ..
#.........#
...######...).....#
..................#
#..................
#...?..BK#'###....
#......@.#.##..# #
#........#K...# ##
#........#>...######.###
#..(.....##............
#.........#.....####.##
#...........#.........##
#########'###.#.$...#...
......####....#
...##......#.##


You could see a giant cockroach and a kobold.

Vanquished Creatures
  An endoplasm (D:1)
  A goblin (D:1)
  A ball python (D:1)
  A rat (D:1)
4 creatures vanquished.

Notes
Turn   | Place    | Note
-------+----------+-------------------------------------------
     0 | D:1      | dolphinEJ the Ghoul Warper began the quest for the Orb.
     0 | D:1      | Reached XP level 1. HP: 17/17 MP: 2/2
    79 | D:1      | Slain by a kobold

Illustrated notes

Levels and vault maps discovered:
D:1:      wander_arrival_desolate, layout_basic

Action                     || total
---------------------------++-------
  Melee: Club              ||    15
         Spear             ||     8
         Punch             ||     1
  Throw: Boomerang         ||     2
 Armour: Leather armour    ||    14
  Dodge: Dodged            ||    25
